 Dungeon Sprint DCSS version 0.23.2-1-ga50397a6bc (webtiles) character file.

Game seed: 5361412506021608165

808 Kobolds4U the Cleaver (level 7, 0/73 HPs)
             Began as a Minotaur Berserker on May 21, 2019.
             Was a High Priest of Trog.
             Slain by a black mamba (33 damage)
             ... in the Dungeon (Sprint VII: "The Pits").
             The game lasted 00:03:41 (556 turns).

Kobolds4U the Cleaver (Minotaur Berserker)           Turns: 556, Time: 00:03:41

Health: 0/73       AC: 16    Str: 21    XL:     7   Next: 60%
Magic:  2/2        EV:  9    Int:  4    God:    Trog [*****.]
Gold:   0          SH:  0    Dex: 12    Spells: 6/6 levels left

rFire    . . .     SeeInvis .   r - +6 battleaxe (antimagic)
rCold    . . .     Gourm    .   (shield currently unavailable)
rNeg     . . .     Faith    .   p - +2 plate armour
rPois    .         Spirit   .   (helmet restricted)
rElec    .         Reflect  .   (no cloak)
rCorr    .         Harm     .   (no gloves)
MR       ++...     NoTele   +   (no boots)
Stlth    ..........             (no amulet)
HPRegen  1.22/turn              (no ring)
MPRegen  0.08/turn              (no ring)

@: sleeping, mesmerised, regenerating
A: retaliatory headbutt, horns 2
a: Berserk, Trog's Hand, Brothers in Arms, Renounce Religion


You were in the Dungeon.
You worshipped Trog.
Trog was extremely pleased with you.
You were not hungry.

You visited 1 branch

Inventory:

Hand Weapons
 a - a +0 hand axe
 k - a +2 hand axe
 l - a +2 mace
 q - a +1 mace of protection
 r - a +6 antimagic battleaxe (weapon)
Armour
 b - a +0 animal skin
 p - a +2 plate armour (worn)
Scrolls
 i - a scroll of blinking
 n - 3 scrolls of remove curse
 o - a scroll of summoning
Potions
 d - 5 potions of curing
 e - 6 potions of heal wounds
 f - a potion of haste
 g - 4 potions of magic
 h - 3 potions of berserk rage
 m - 2 potions of invisibility
Comestibles
 c - 9 rations
 j - 5 chunks of flesh


   Skills:
 + Level 10.6 Fighting
 * Level 13.8 Axes
 - Level 9.5 Armour
 + Level 4.9 Dodging


You had 6 spell levels left.
You didn't know any spells.
Your spell library was empty.

Dungeon Overview and Level Annotations

Branches:
Dungeon (1/1)

Altars:
Ashenzari
Cheibriados
Dithmenos
Elyvilon
Fedhas
Gozag
Hepliaklqana
Kikubaaqudgha
Makhleb
Nemelex Xobeh
Okawaru
Qazlal
Ru
Sif Muna
Trog
Uskayaw
Vehumet
Wu Jian
Xom
Yredelemnul
Zin
The Shining One
Beogh
Jiyva
Lugonu


Innate Abilities, Weirdness & Mutations

You reflexively headbutt those who attack you in melee.
You have a pair of horns on your head.


Message History

You slash the vampire mosquito!
Your headbutt misses the vampire mosquito.
The vampire mosquito is almost destroyed.
The vampire mosquito bites you but does no damage.
The merfolk siren chants its luring song.
The vampire mosquito bites you but does no damage.
You slice the vampire mosquito!!
You destroy the vampire mosquito!
Trog accepts your kill.
The merfolk siren chants its luring song.
The black mamba bites you but does no damage.
You slice the black mamba!!
The black mamba is heavily wounded.
The black mamba barely misses you.
The dream sheep are wreathed in dream dust.
You feel drowsy...
You fall asleep.
Your two-headed ogre rages.
The merfolk siren chants its luring song.
The black mamba bites you!!
You die...

))#####'#####('#####
))##.......##('#
).##.......##(.#
..##.......##..# #
'###...<...##..# .##
..##.......##)รท# ...#
..##.......##..## .....
####.......##...##l.....
##########..O@SyYm...
#...##YY.... #..## Y....
#..# ...# #..# .## +#
#..# # .# #.. ##


You could see a merfolk siren, a black mamba, a basilisk, a vampire mosquito, 4
dream sheep and a friendly two-headed ogre (berserk).

Vanquished Creatures
  2 vampire mosquitoes (D)
  A water moccasin (D)
  A centaur (D)
  A crocodile (D)
  A big kobold (D)
  A quasit (D)
  2 jellies (D)
  A gnoll shaman (D)
  2 worker ants (D)
  5 gnolls (D)
  An adder (D)
  An ufetubus (D)
  A leopard gecko (D)
  2 bat zombies (D)
  A giant cockroach (D)
  A goblin (D)
  A bat (D)
  A rat (D)
26 creatures vanquished.

Notes
Turn   | Place    | Note
-------+----------+-------------------------------------------
     0 | D        | Kobolds4U the Minotaur Berserker began the quest for the
                  | Orb.
     0 | D        | Reached XP level 1. HP: 19/19 MP: 0/0
    20 | D        | Reached ** piety under Trog
    20 | D        | Reached skill level 4 in Axes
    53 | D        | Found a bloodstained altar of Trog.
    53 | D        | Found a deep blue altar of Sif Muna.
    53 | D        | Found a viscous altar of Jiyva.
    53 | D        | Found a hazy altar of Hepliaklqana.
    53 | D        | Found an opulent altar of Gozag.
    54 | D        | Found a glowing golden altar of the Shining One.
    54 | D        | Found a glowing silver altar of Zin.
    54 | D        | Found a basalt altar of Yredelemnul.
    54 | D        | Found a shimmering altar of Xom.
    54 | D        | Found an ornate altar of the Wu Jian Council.
    54 | D        | Found a sacrificial altar of Ru.
    54 | D        | Found a stormy altar of Qazlal.
    54 | D        | Found an iron altar of Okawaru.
    54 | D        | Found a sparkling altar of Nemelex Xobeh.
    54 | D        | Found a burning altar of Makhleb.
    54 | D        | Found a blossoming altar of Fedhas.
    54 | D        | Found a white marble altar of Elyvilon.
    54 | D        | Found a shadowy altar of Dithmenos.
    54 | D        | Found a snail-covered altar of Cheibriados.
    56 | D        | Found a corrupted altar of Lugonu.
    56 | D        | Found a radiant altar of Vehumet.
    56 | D        | Found a roughly hewn altar of Beogh.
    59 | D        | Found a hide-covered altar of Uskayaw.
    59 | D        | Found an ancient bone altar of Kikubaaqudgha.
    59 | D        | Found a shattered altar of Ashenzari.
    77 | D        | Reached XP level 2. HP: 19/28 MP: 1/1
   205 | D        | Reached *** piety under Trog
   209 | D        | Reached skill level 5 in Fighting
   209 | D        | Reached skill level 6 in Axes
   209 | D        | Reached XP level 3. HP: 5/36 MP: 2/2
   210 | D        | Reached skill level 7 in Axes
   210 | D        | Reached skill level 5 in Armour
   318 | D        | Noticed a water moccasin
   318 | D        | Noticed a big kobold
   327 | D        | Reached **** piety under Trog
   327 | D        | Reached XP level 4. HP: 44/44 MP: 3/3
   328 | D        | Killed a water moccasin
   328 | D        | Reached skill level 9 in Axes
   328 | D        | Reached XP level 5. HP: 53/53 MP: 4/4
   330 | D        | Reached skill level 10 in Axes
   337 | D        | Reached ***** piety under Trog
   337 | D        | Reached XP level 6. HP: 62/62 MP: 5/5
   337 | D        | Reached skill level 11 in Axes
   453 | D        | Received a gift from Trog
   453 | D        | Reached skill level 12 in Axes
   457 | D        | Reached XP level 7. HP: 54/71 MP: 6/6
   540 | D        | Noticed a black mamba
   540 | D        | Noticed a basilisk
   540 | D        | Noticed a vampire mosquito
   540 | D        | Noticed a vampire mosquito
   540 | D        | Noticed a vampire mosquito
   540 | D        | Noticed a merfolk siren
   540 | D        | Noticed a dream sheep
   540 | D        | Noticed a dream sheep
   540 | D        | Noticed a dream sheep
   540 | D        | Noticed a dream sheep
   544 | D        | Killed a vampire mosquito
   544 | D        | Reached skill level 10 in Fighting
   544 | D        | Reached skill level 13 in Axes
   555 | D        | Killed a vampire mosquito
   556 | D        | Slain by a black mamba

Skill      XL: |  1  2  3  4  5  6  7 |
---------------+----------------------+-----
Fighting       | 4 5 6 7 8 9 10 | 10.6
Axes           | 4 6 7 9 10 12 13 | 13.8
Armour         | 3 4 5 7 9 |  9.5
Dodging        | 3 4 |  4.9

Action                   |  1- 3 |  4- 6 |  7- 9 || total
-------------------------+-------+-------+-------++-------
Melee: Hand axe          |    27 |    31 |       ||    58
       Headbutt          |     5 |     6 |     2 ||    13
       Battleaxe         |       |       |     9 ||     9
Invok: Trog's Hand       |     2 |       |     1 ||     3
       Berserk           |     1 |       |       ||     1
       Brothers in Arms  |       |       |     1 ||     1
  Use: Potion            |     1 |       |       ||     1
  Eat: Chunk             |       |       |     1 ||     1
Armor: Animal skin       |     4 |       |       ||     4
       Plate armour      |    10 |    45 |    13 ||    68
Dodge: Dodged            |    32 |    27 |    10 ||    69
